 Dungeon Crawl Stone Soup version 0.31-a0-472-g43a2ca8e1b (webtiles) character file.

Game seed: 14836011552803573038

1387 Ethylacetat the Changeling (level 8, -6/5 HPs)
             Began as an Octopode Shapeshifter on Aug 6, 2023.
             Was an Initiate of Gozag.
             Killed by nerve-wracking pain
             ... invoked by a shadow imp
              (11 damage)
             ... on level 6 of the Dungeon.
             The game lasted 00:09:40 (4148 turns).

Ethylacetat the Changeling (Octopode Shapeshifter)  Turns: 4148, Time: 00:09:43

Health: -6/5       AC: 15    Str: 15    XL:     8   Next: 67%
Magic:  8/8        EV: 32    Int: 10    God:    Gozag
Gold:   302        SH:  0    Dex: 14    Spells: 7/7 levels left

rFire   . .          .
                       - Unarmed
rCold   . . .        (shield currently unavailable)
rNeg    . . .        (helmet currently unavailable)
rPois   ∞            (no amulet)
rElec   +            (no ring)
rCorr   .            (no ring)
SInv    .            (no ring)
Will    .....        (no ring)
Stlth   +            (no ring)
HPRegen 0.20/turn    (no ring)
MPRegen 0.11/turn    (no ring)
                     (no ring)

%: no passive effects
@: storm-form, gold aura, blinkbolt cooldown, flying
A: cleaving, insubstantial, flying, reduced hp, almost no armour, amphibious, 8
rings, (camouflage 1), (gelatinous body 1), (nimble swimmer 1), (tentacles)
a: Blinkbolt, Begin Untransformation, Renounce Religion, Potion Petition, Call
Merchant, Bribe Branch


You were on level 6 of the Dungeon.
You worshipped Gozag.
Gozag was aware of your devotion.
You were a lightning-filled tempest!
You visited 2 branches of the dungeon, and saw 7 of its levels.

You collected 515 gold pieces.
You spent 168 gold pieces at shops.
You paid 45 gold pieces to Gozag.

Inventory:

Jewellery
 k - a ring of wizardry
Talismans
 b - a beast talisman
 i - a storm talisman (active)
Wands
 t - a wand of paralysis (12)
 u - a wand of digging (3)
Scrolls
 c - 6 scrolls of identify {unknown}
 d - a scroll of fog {unknown}
 e - a scroll of poison {unknown}
 g - 3 scrolls of vulnerability {unknown}
 h - a scroll of revelation {unknown}
 j - a scroll of teleportation {unknown}
 l - a scroll of enchant armour {unknown}
 n - a scroll of immolation {unknown}
 o - 2 scrolls of fear {unknown}
Potions
 a - a potion of lignification
 f - 4 potions of curing {unknown}
 m - 2 potions of heal wounds
 p - a potion of might {unknown}
 q - 2 potions of mutation {unknown}
 r - 2 potions of attraction
 s - a potion of berserk rage


   Skills:
 + Level 5.1 Fighting
 - Level 2.0 Dodging
 + Level 5.9 Unarmed Combat
 * Level 6.8 Shapeshifting


You had 7 spell levels left.
You didn't know any spells.
Your spell library contained the following spells:

 Spells                   Type           Power      Damage    Failure   Level
 Slow                     Hex            0%         N/A       36%         1
 Summon Small Mammal      Summ           0%         N/A       36%         1
 Call Canine Familiar     Summ           0%         N/A       75%         3
 Confusing Touch          Hex            0%         N/A       75%         3
 Summon Guardian Golem    Hex/Summ       0%         N/A       75%         3
 Vampiric Draining        Necr           0%         2d6       75%         3


Dungeon Overview and Level Annotations

Branches:
Dungeon (6/15)             Temple (1/1) D:4

Altars:
Ashenzari
Cheibriados
Dithmenos
Elyvilon
Gozag
Hepliaklqana
Kikubaaqudgha
Makhleb
Nemelex Xobeh
Qazlal
Ru
Sif Muna
Trog
Uskayaw
Vehumet
Wu Jian
Xom
Yredelemnul
Zin
The Shining One

Shops:
D:5 !:   D:6 [


Innate Abilities, Weirdness & Mutations

You are a lightning-filled tempest!
Your electrical attacks strike out in all directions at once.
You are incredibly evasive.
Your insubstantial body is immune to petrification, constriction, and being set on fire You are flying.
Your maximum health is decreased, since you lack skill for your form.
Your armour is entirely melded.
You are incapable of wielding weapons or throwing items.
You cannot wear most types of armour.
You are amphibious.
You can wear up to eight rings at the same time.
You are immune to poison.
((Your skin changes colour to match your surroundings (Stealth+).))
((Your rubbery body absorbs attacks. (AC +1, EV +1)))
((You are camouflaged when in or above water. (Stealth+)))
((You have tentacles for arms and can constrict up to eight enemies at once.))


Message History

There is an entrance to Howexan's Armour Shop here.
You feel energetic enough to blinkbolt again.
You now have 302 gold pieces (gained 5).
A shadow imp comes into view.
The shadow imp shouts!
No target in view!
No target in view!
The shadow imp grinds its teeth. 2 orcs and an orc wizard come into view.
The orc shouts! x2; The orc wizard shouts!
The shadow imp misses you.
You hit the shadow imp.
The shadow imp is lightly wounded.
The shadow imp completely misses you.
You barely miss the shadow imp.
The shadow imp is lightly wounded.
The shadow imp completely misses you.
You hit the shadow imp.
The shadow imp is heavily wounded.
The shadow imp hits you but does no damage.
An orc comes into view. It is wielding a +0 flail.
Unknown command.
Aiming: Blinkbolt
Press: ? - help, Dir - move target, f - orc wizard
Aim: an orc wizard, wielding a +0 dagger and wearing a +0 robe (87% to hit)
The shock of your passage misses the shadow imp.
The shock of your passage hits the orc!
You kill the orc!
The shock of your passage misses the orc wizard.
You blink.
The orc wizard completely misses you. The shadow imp completely misses you.
You buffet the orc wizard!
You kill the orc wizard!
You barely miss the shadow imp. You batter the orc!!
You kill the orc!
The shadow imp gestures at you. Pain shoots through your body!
Ouch! That really hurt!
You die...
Your body crumbles into a pile of gold.

#.).# #..........#.#
###...# #..........#.#
......#########.####.#.#.#
........................>#
......########.###.#.###.#
......#........# #.#.###.#
........##########§#.....#
......### #...5......##
...#### #..v$.......# ...#
#.$.........# ...#
.o......#.###.# ...#
#.########.# #.# .### #
#.. ..#.# #.# .# #.# #.#.#
#.# .# #.# #.#.# #.# ##
#.# #.#.# #.# # #.# #.#.#
#.#


You could see a shadow imp and an orc.

Vanquished Creatures
  Prince Ribbit (D:6)
  Eustachio (D:4)
  An orc warrior (D:5)
  An ice beast (D:6)
  An ogre (D:6)
  A centaur (D:6)
  A kobold brigand (D:4)
  2 scorpions
  A bullfrog (D:6)
  A gnoll bouda (D:5)
  2 hounds
  2 jellies
  2 orc priests
  3 iguanas
  A sleepcap (D:5)
  An orc wizard (D:6)
  6 adders
  A shadow imp (D:5)
  A white imp (D:5)
  A worm (D:2)
  14 orcs
  2 ball pythons
  7 endoplasms
  2 giant cockroaches (D:2)
  6 goblins
  8 hobgoblins
  4 quokkas
  6 bats
  5 frilled lizards
  7 kobolds
  A rat (D:2)
93 creatures vanquished.

Notes
Turn   | Place    | Note
-------+----------+-------------------------------------------
     0 | D:1      | Ethylacetat the Octopode Shapeshifter began the quest for
                  | the Orb.
     0 | D:1      | Reached XP level 1. HP: 13/13 MP: 1/1
   296 | D:1      | Reached XP level 2. HP: 15/18 MP: 2/2
   785 | D:2      | Reached XP level 3. HP: 11/23 MP: 3/3
  1462 | D:3      | Reached XP level 4. HP: 24/29 MP: 4/4
  1536 | D:3      | Found a hide-covered altar of Uskayaw.
  1536 | D:3      | Found a sacrificial altar of Ru.
  1536 | D:3      | Found a snail-covered altar of Cheibriados.
  1537 | D:3      | Found a stormy altar of Qazlal.
  1547 | D:3      | Identified the +4 falchion "Colar" {venom, rF++ Will+ Int+3
                  | Stlth+}
  1595 | D:3      | Found a large runed translucent door.
  1595 | D:3      | Found a large runed translucent door.
  1599 | D:3      | Found a shimmering altar of Xom.
  1720 | D:3      | Found a shadowy altar of Dithmenos.
  1967 | D:3      | Reached skill level 4 in Shapeshifting
  2336 | D:4      | Reached XP level 5. HP: 3/35 MP: 5/5
  2369 | D:4      | Noticed a kobold brigand
  2373 | D:4      | Killed a kobold brigand
  2402 | D:4      | Reached XP level 6. HP: 4/41 MP: 6/6
  2442 | D:4      | Found a staircase to the Ecumenical Temple.
  2450 | Temple   | Entered the Ecumenical Temple
  2464 | Temple   | Became a worshipper of Gozag Ym Sagoz the Greedy
  2495 | D:4      | Noticed Eustachio
  2510 | D:4      | Killed Eustachio
  2511 | D:4      | Reached skill level 5 in Shapeshifting
  2523 | D:4      | Found a broken altar of Ashenzari.
  2838 | D:5      | Entered Level 5 of the Dungeon
  2882 | D:5      | Reached XP level 7. HP: 4/46 MP: 7/7
  3069 | D:5      | Found Assor's Book Shop.
  3217 | D:5      | Found Leluod's Distillery.
  3226 | D:5      | Bought a potion of berserk rage for 60 gold pieces
  3226 | D:5      | Bought a potion of attraction for 36 gold pieces
  3226 | D:5      | Bought a potion of heal wounds for 60 gold pieces
  3226 | D:5      | Bought a potion of degeneration for 12 gold pieces
  3478 | D:5      | Reached skill level 5 in Unarmed Combat
  3635 | D:6      | Identified the +0 pair of gloves of Lies {Harm rElec rCorr
                  | Dex-2}
  3682 | D:6      | Reached skill level 6 in Shapeshifting
  3682 | D:6      | Reached XP level 8. HP: 5/54 MP: 8/8
  3979 | D:6      | Noticed Prince Ribbit
  3995 | D:6      | Killed Prince Ribbit
  3996 | D:6      | Reached skill level 5 in Fighting
  4024 | D:6      | Found Howexan's Armour Shop.
  4148 | D:6      | Killed from afar by a shadow imp

Illustrated notes

Levels and vault maps discovered:
D:1:      amcnicky_arrival_double_pillar, layout_basic,
          chequers_serial_rivers_marsh, solitary_fountain
D:2:      layout_loops_ring
D:3:      due_chaos_kobolds, layout_loops_ring,
          chequers_temple_overflow_statue_of_worship,
          mainiacjoe_overflow_24_doors
D:4:      layout_rooms, mainiacjoe_overflow_brackets, minmay_temple_entry_ruins,
          uniq_eustachio
D:5:      cheibrodos_two_vegetables, layout_basic, serial_shops,
          nicolae_shop_just_a_little_nook, nicolae_lakefront_shop, st_stairs_7
D:6:      layout_basic, serial_shops, nicolae_shop_statue_plus,
          kennysheep_doodads, uniq_prince_ribbit1
Temple:   nicolae_temple_god_jail

Skill      XL: |  1  2  3  4  5  6  7  8 |
---------------+-------------------------+-----
Fighting       | 2 3 4 5 |  5.1
Shapeshifting  | 4 5 6 |  6.8
Unarmed Combat | 4 5 |  5.9
Dodging        | |  2.0

Action                     |  1- 3 |  4- 6 |  7- 9 || total
---------------------------+-------+-------+-------++-------
  Melee: Unarmed           |    66 |    50 |    41 ||   157
         Tentacles         |    12 |     5 |       ||    17
         Constrict         |    14 |     7 |       ||    21
         Punch             |       |     1 |     1 ||     2
Ability: Blinkbolt         |       |     7 |    12 ||    19
   Stab: Sleeping          |     3 |     5 |     2 ||    10
 Armour: Skin              |     2 |     5 |     5 ||    12
  Dodge: Dodged            |    35 |    29 |    36 ||   100
   Form: Storm             |       |     1 |     2 ||     3
         Beast             |       |       |     2 ||     2

Table legend: (Time is in decaauts)
 A = Elapsed time spent in this place.
 B = Non-inter-level travel time spent in this place.
 C = Inter-level travel time spent in this place.
 D = Time resting spent in this place.
 E = Time spent auto-exploring this place.
 F = Levels seen in this place.
 G = Mean time per level.
                   A        B        C        D        E       F      G
               +--------+--------+--------+--------+--------+-----+--------+
         Total |   4135 |   3944 |    191 |     18 |   3149 |   7 |  590.7 |
       Dungeon |   4108 |   3941 |    167 |     18 |   3149 |   6 |  684.7 |
        Temple |     26 |      2 |     24 |      0 |      0 |   1 |   26.0 |
               +--------+--------+--------+--------+--------+-----+--------+

Top non-repeatable levels by time:
     D:3: 890 daAuts
     D:2: 764 daAuts
     D:5: 708 daAuts
     D:1: 671 daAuts
     D:6: 597 daAuts
     D:4: 477 daAuts
  Temple: 26 daAuts
